Map: Tours du crépuscule

Players

Worming

  • Race: Zerg Zerg
  • League: Diamond

PKZ - Winner!

  • Race: Terran Terran
  • League: Gold

VOD

Have the link to the VOD?

Description

Time

  • Played on: Nov. 14, 2015, 3:12 p.m.
  • Length: 20:41
Show
View Real Time Build Order
Export as new Build Order

Worming Zerg 

Build Orders: Hatch First, Muta Ling Bane 

Get SALT Encoding   

  12  0:01  Drone  
  13  0:12  Overlord  
  13  0:17  Drone  
  14  0:31  Drone x2  
  16  0:37  Drone  
  17  0:53  Hatchery  
  17  0:56  Drone  
  17  1:10  Spawning Pool  
  16  1:14  Drone  
  16  1:17  Drone  
  18  1:20  Drone  
  18  1:23  Extractor  
  18  1:31  Drone  
  19  1:44  Overlord  
  19  1:52  Drone  
  20  1:56  Queen  
  22  2:02  Zergling x2  
  22  2:06  Queen  
  22  2:07  Drone  
  26  2:11  Drone  
  27  2:20  Drone  
  28  2:23  Drone  
  28  2:29  Metabolic Boost  
  29  2:32  Queen  
  31  2:42  Drone x2  
  33  2:45  Overlord  
  33  2:48  Drone  
  34  2:59  Drone x2  
  34  3:01  Overlord  
  36  3:09  Extractor  
  36  3:10  Extractor  
  34  3:17  Drone x4, Roach Warren  
  36  3:31  Hatchery  
  36  3:33  Drone x4  
  39  3:45  Zergling x6  
  42  3:52  Drone x4  
  46  3:58  Lair  
  46  4:03  Drone x2  
  48  4:20  Drone  
  48  4:22  Drone x3  
  48  4:23  Overlord x3  
  51  4:43  Roach x4  
  62  5:00  Roach x2  
  62  5:01  Drone x8  
  62  5:05  Extractor, Spire  
  68  5:13  Drone  
  69  5:15  Drone  
  69  5:19  Drone x6  
  76  5:29  Overlord x3  
  76  5:39  Drone  
  76  5:40  Drone  
  78  5:46  Overlord  
  78  5:47  Drone, Extractor x2  
  78  5:48  Drone x2  
  78  5:49  Drone x3  
  82  6:11  Overlord  
  82  6:16  Mutalisk  
  82  6:17  Mutalisk x10  
  104  6:26  Zergling x2  
  104  6:27  Zergling x2  
  104  6:30  Overlord  
  104  6:31  Zergling x2  
  104  6:32  Hatchery  
  106  6:41  Evolution Chamber  
  106  6:42  Queen  
  106  6:43  Evolution Chamber  
  106  6:44  Infestation Pit, Zerg Flyer Weapons Level 1  
  103  7:04  Drone x3  
  103  7:05  Drone x2  
  108  7:10  Drone x10  
  108  7:13  Zerg Melee Weapons Level 1, Zerg Ground Armor Level 1  
  118  7:18  Baneling Nest, Drone x3  
  118  7:28  Hive, Pneumatized Carapace  
  118  7:30  Overseer  
  118  7:31  Overseer  
  118  7:37  Drone x10  
  118  7:40  Overlord, Extractor  
  118  7:41  Overlord, Extractor  
  126  7:47  Glial Reconstitution  
  126  7:52  Zergling x12  
  126  7:53  Zergling x2  
  126  7:55  Queen  
  135  8:04  Zergling x2  
  135  8:05  Zergling x8, Hatchery  
  139  8:08  Baneling  
  139  8:09  Baneling x5, Centrifical Hooks  
  138  8:31  Baneling x8  
  138  8:41  Extractor  
  131  8:45  Extractor  
  105  8:59  Roach x2  
  105  9:00  Zergling x2, Roach x6  
  105  9:01  Zergling x16  
  105  9:02  Roach x2  
  117  9:11  Zerg Melee Weapons Level 2, Zerg Ground Armor Level 2  
  117  9:14  Ultralisk Cavern  
  117  9:15  Ravager x2  
  117  9:16  Roach  
  113  9:17  Roach x3  
  113  9:23  Baneling x9  
  115  9:27  Zergling x2  
  115  9:28  Zergling x14  
  99  9:51  Zergling x2  
  99  9:52  Zergling x24  
  97  10:01  Roach x2  
  97  10:06  Drone  
  97  10:07  Drone x2  
  104  10:08  Drone  
  101  10:18  Chitinous Plating  
  100  10:29  Overlord x2  
  100  10:30  Ultralisk x6  
  100  10:31  Overseer  
  136  10:35  Extractor  
  136  10:37  Baneling x4  
  136  10:38  Baneling x6  
  136  10:39  Extractor  
  129  10:51  Hatchery  
  128  10:59  Ultralisk x2  
  143  11:18  Zergling x2, Ultralisk  
  143  11:19  Zergling x8, Roach x2  
  143  11:20  Roach x2  
  143  11:23  Adrenal Glands  
  155  11:39  Zergling x2, Roach  
  147  11:40  Zergling x8, Roach x4  
  147  11:41  Zergling x2, Roach x2  
  147  11:44  Zerg Melee Weapons Level 3  
  155  11:48  Queen  
  151  11:59  Queen  
  153  12:01  Drone x6  
  156  12:28  Zergling x2, Ultralisk x2  
  156  12:29  Zergling x14  
  142  12:48  Drone x3  
  145  12:53  Zerg Ground Armor Level 3  
  145  12:55  Greater Spire  
  145  12:56  Corruptor x2  
  145  12:57  Corruptor x3  
  155  13:06  Overlord  
  155  13:07  Overlord  
  155  13:21  Overseer  
  155  13:22  Overseer  
  155  13:25  Baneling x9  
  155  13:26  Zergling x14  
  155  13:27  Zergling x14  
  169  13:30  Extractor  
  123  13:51  Corruptor x2  
  123  13:52  Corruptor  
  121  14:04  Spine Crawler x2  
  121  14:07  Corruptor x2  
  121  14:08  Zergling x2, Corruptor x2  
  121  14:09  Zergling x16  
  116  14:32  Corruptor  
  116  14:33  Corruptor  
  116  14:34  Zergling x4, Roach x3  
  116  14:46  Zergling x2, Roach x2, Ultralisk x2  
  116  14:47  Roach  
  125  14:53  Overseer x2  
  125  14:54  Zerg Flyer Weapons Level 2  
  111  15:11  Brood Lord  
  113  15:17  Brood Lord  
  113  15:22  Hatchery  
  113  15:26  Baneling x4  
  113  15:28  Zergling x2, Ultralisk  
  119  15:29  Zergling x8  
  123  15:40  Baneling x2  
  123  15:41  Zergling x4, Ultralisk  
  114  16:13  Ultralisk Cavern  
  106  16:34  Corruptor x2, Ultralisk x2  
  106  16:35  Zergling x4, Roach x2  
  106  16:36  Zergling x2  
  106  16:39  Hatchery  
  103  17:03  Ultralisk  
  103  17:04  Roach, Ultralisk  
  103  17:05  Roach x2  
  105  17:09  Zerg Missile Weapons Level 1  
  105  17:14  Drone x2  
  101  17:31  Hatchery  
  101  17:33  Overseer  
  101  17:36  Overlord  
  96  17:53  Ultralisk  
  102  18:19  Overseer  
  102  18:27  Ultralisk  
  102  18:28  Ultralisk x2  
  106  18:50  Ultralisk  
  106  18:53  Spine Crawler  
  99  19:03  Corruptor x3  
  101  19:16  Ultralisk  
  93  19:34  Zergling x2  
  93  19:35  Zergling x12  
  86  19:44  Zergling x4  
  69  20:07  Zergling x2  
  69  20:08  Zergling x14  
  69  20:12  Corruptor  
  70  20:14  Zergling x2  
Show
View Real Time Build Order
Export as new Build Order

PKZ Terran - Winner!

Build Orders: Reaper Expand, MMM Bio 

Get SALT Encoding   

  12  0:00  SCV  
  13  0:13  SCV  
  14  0:18  Supply Depot  
  14  0:25  SCV  
  15  0:39  SCV  
  15  0:41  Barracks  
  16  0:45  Refinery  
  16  0:51  SCV  
  17  1:03  SCV  
  18  1:15  SCV  
  19  1:28  Orbital Command  
  19  1:30  Reaper  
  19  1:31  Supply Depot  
  20  1:54  SCV  
  20  1:56  Command Center  
  21  2:02  Reaper  
  21  2:07  SCV  
  23  2:08  Refinery  
  23  2:19  SCV  
  24  2:31  SCV, Factory  
  25  2:41  Barracks Reactor  
  25  2:43  SCV  
  26  2:48  Supply Depot  
  26  2:55  SCV  
  27  3:07  SCV  
  28  3:16  Command Center  
  28  3:27  SCV  
  28  3:28  Orbital Command  
  28  3:29  Barracks Tech Lab, Hellion x2  
  33  3:35  Starport  
  33  3:39  SCV  
  34  3:51  Hellion x2, SCV  
  39  3:56  SCV  
  39  4:00  Marine, Stimpack  
  41  4:03  SCV  
  41  4:08  SCV  
  41  4:09  Supply Depot  
  43  4:16  Hellion x2, SCV  
  47  4:20  SCV, Marine  
  49  4:24  Medivac  
  49  4:28  SCV  
  49  4:29  Orbital Command  
  52  4:37  SCV  
  52  4:38  Marine  
  54  4:40  SCV  
  55  4:49  Barracks  
  55  4:50  Barracks  
  55  4:58  SCV x2  
  58  5:02  Barracks  
  58  5:03  Orbital Command, Barracks  
  57  5:08  Refinery  
  57  5:09  Refinery  
  57  5:10  SCV x2  
  57  5:12  Starport Reactor  
  59  5:20  Engineering Bay  
  59  5:22  Engineering Bay  
  59  5:23  Armory  
  59  5:29  Widow Mine x2, Marauder  
  59  5:33  SCV  
  59  5:34  SCV  
  59  5:35  SCV  
  68  5:44  Barracks Reactor x2  
  68  5:45  SCV  
  68  5:46  SCV  
  70  5:51  Factory  
  70  5:52  SCV  
  71  5:57  SCV  
  71  5:58  SCV  
  73  6:04  Medivac x2  
  73  6:05  Barracks Reactor x2  
  77  6:15  Terran Infantry Weapons Level 1  
  77  6:16  Terran Infantry Armor Level 1  
  77  6:17  Supply Depot x2  
  77  6:25  Concussive Shells  
  77  6:33  Supply Depot  
  77  6:35  Supply Depot  
  77  6:37  Missile Turret  
  77  6:38  Medivac, SCV x2, Marine x4  
  77  6:39  Missile Turret, SCV  
  86  6:43  Marine x2  
  86  6:44  Factory Tech Lab, Marine  
  89  6:50  Widow Mine, SCV x2  
  93  6:54  Widow Mine  
  93  6:55  SCV  
  93  7:00  Missile Turret  
  90  7:02  Missile Turret, SCV  
  90  7:04  Missile Turret  
  90  7:06  Marine x5  
  90  7:07  Missile Turret, Marine x2  
  98  7:10  SCV x2  
  100  7:16  Thor  
  100  7:18  SCV  
  100  7:20  Marine  
  109  7:28  Combat Shields  
  109  7:31  SCV  
  109  7:34  Supply Depot  
  109  7:36  Supply Depot  
  109  7:37  Missile Turret  
  109  7:42  Supply Depot  
  109  7:43  Terran Vehicle Weapons Level 1  
  109  7:52  Refinery x2  
  109  7:55  Widow Mine x2, Marine x4  
  109  7:58  Medivac x2, Marine x3  
  124  7:59  Marine  
  124  8:04  Thor, Marine  
  132  8:06  Supply Depot  
  132  8:11  Supply Depot  
  132  8:12  Supply Depot  
  132  8:13  Marine  
  132  8:14  Supply Depot  
  133  8:27  Marine x8  
  133  8:32  Medivac x2, Marine  
  133  8:34  Supply Depot x2  
  146  8:45  Marine x5  
  146  8:46  Marine x3  
  144  8:50  Marine  
  133  9:03  Marauder, Marine x4  
  133  9:06  Marine x2  
  133  9:07  Marine  
  133  9:08  Marine  
  133  9:09  SCV x3  
  140  9:21  SCV, Marine x4  
  145  9:25  Terran Infantry Weapons Level 2, Terran Infantry Armor Level 2, Marauder  
  145  9:43  Marine x2  
  145  9:44  Marine x4  
  145  9:45  Widow Mine x2, Thor  
  133  9:46  Marauder  
  133  9:52  Marine x2  
  134  10:01  Marine  
  125  10:07  Marauder  
  125  10:08  Marine  
  125  10:10  Liberator  
  125  10:14  Widow Mine  
  122  10:18  Marine x2  
  122  10:19  Marine x3  
  123  10:23  Command Center  
  123  10:24  Barracks x2  
  123  10:25  Barracks, Marine  
  123  10:28  Widow Mine  
  130  10:29  Liberator, Marauder  
  130  10:31  Thor  
  130  10:35  Supply Depot x2  
  140  10:42  Widow Mine, Marine x2  
  142  10:43  Marine  
  142  10:48  Marine x5  
  148  10:50  Marauder  
  148  10:56  Widow Mine  
  148  11:00  Marine x3  
  151  11:05  SCV  
  151  11:06  Marine x5  
  157  11:12  Marauder  
  157  11:17  Marine  
  157  11:18  Marine x2  
  161  11:23  Marine  
  161  11:24  Marine x2  
  167  11:28  Marine x2  
  163  11:33  Barracks Tech Lab, Marauder  
  163  11:34  Barracks Tech Lab  
  163  11:35  Barracks Tech Lab  
  148  11:44  Marine x2  
  148  11:45  Marine  
  148  11:47  Widow Mine x2  
  146  11:49  Hellbat  
  146  11:53  Terran Infantry Weapons Level 3, Terran Infantry Armor Level 3  
  130  11:54  Marauder  
  130  12:00  Marine x2, Marauder x3  
  130  12:01  Marine  
  141  12:02  Medivac x2  
  141  12:04  Marine x2  
  147  12:10  Hellbat  
  147  12:13  Ghost Academy  
  149  12:16  Marauder  
  149  12:22  Marauder x2  
  142  12:36  Marine x2, Marauder  
  142  12:37  Marauder, Marine  
  129  12:43  Marine, Marauder x2  
  129  12:44  Thor, Widow Mine  
  129  12:46  Hellbat, Marine  
  129  12:48  Infernal Pre-Igniter  
  140  12:56  Orbital Command  
  140  12:58  Marauder x2  
  142  13:04  Marine, Marauder x2  
  142  13:05  Marine  
  150  13:07  Hellbat  
  150  13:10  Marine x4  
  156  13:19  Marauder  
  158  13:20  Marauder  
  158  13:25  Marine x4  
  158  13:26  Marauder x2  
  166  13:40  Marauder  
  157  13:42  Marauder, Marine x3  
  157  13:43  Marine x5  
  157  13:47  Marauder x2  
  150  14:00  Marine x2  
  150  14:02  Marauder  
  145  14:06  Marauder, Marine x3  
  145  14:08  Marauder  
  136  14:14  Marine  
  136  14:15  Marauder, Marine x2  
  136  14:16  Widow Mine x2  
  139  14:18  Marine x2  
  140  14:27  Marauder, Marine x3  
  140  14:28  Marauder  
  140  14:29  Marine  
  143  14:32  Marine x3  
  143  14:35  Marine  
  143  14:36  Marine x2  
  134  14:45  Marine x3  
  115  14:48  Marauder  
  115  14:49  Marauder x2  
  115  14:50  Marine x3  
  111  14:54  Marauder  
  107  15:00  Planetary Fortress  
  107  15:03  Medivac  
  107  15:04  Medivac  
  111  15:13  Marauder x2, Marine x2  
  117  15:15  Hellbat  
  117  15:16  Hellbat  
  121  15:27  Thor  
  127  15:33  Medivac x2  
  129  15:37  Hellbat  
  129  15:41  Marauder x2, Marine x4  
  128  16:07  Marine  
  128  16:08  Marauder x2, Marine  
  128  16:12  Marine  
  128  16:13  Marine x5  
  128  16:15  Widow Mine x2, Thor  
  145  16:24  Command Center  
  135  16:27  SCV x2  
  137  16:32  Marine  
  137  16:33  Marine  
  137  16:36  Marauder  
  137  16:37  Marauder  
  141  16:44  Hellbat  
  137  16:47  Marine, Marauder x2  
  137  16:48  Marine  
  136  16:54  Marine x2  
  136  16:56  Marine  
  136  16:57  Marine  
  136  16:58  Marauder x2  
  134  17:08  Marauder x2  
  132  17:18  Marine x2  
  132  17:19  Marauder x2  
  132  17:20  Marine x2  
  140  17:29  Marauder, Marine  
  143  17:30  Marauder  
  138  17:40  Marauder  
  140  17:46  Marauder, Marine x4  
  144  18:00  Medivac  
  144  18:01  Marauder x2, Marine x2  
  152  18:08  Medivac  
  152  18:09  Marauder, Marine  
  157  18:14  Planetary Fortress  
  155  18:27  Orbital Command  
  155  18:28  Marauder  
  155  18:29  Marine, Marauder x2  
  155  18:30  Medivac  
  152  18:43  Marine x3  
  152  18:45  Medivac  
  151  19:00  Medivac  
  151  19:06  Marine x3  
  151  19:07  Marine x6  
  160  19:10  Refinery x2  
  157  19:28  Marauder x2, Marine x6  
  157  19:29  Marine x2  
  129  19:33  Marauder x2  
  127  19:46  Marine x7  
  127  19:48  Marine  
  127  19:49  Marine  
  136  19:55  Marine x3  
  125  20:03  Marine  
  125  20:04  Marine x6  
  125  20:05  Marine  
  117  20:07  Marauder  
  117  20:13  Marauder x3  
  114  20:21  Marine x3  
  114  20:22  Marine x4  
Tags
 
Add a new tag
Caveats
  • Supply blocks, unpowered buildings, or Contaminate may cause inaccurate times.
  • Supply counts are checked every 10 seconds.